 Dungeon Crawl Stone Soup version 0.20.0-8-g6b59dc7 (webtiles) character file.

166 Monsterracer the Cudgeler (level 5, -5/30 HPs)
             Began as a Tengu Warper on May 31, 2017.
             Killed by divine providence
             ... invoked by an orc priest
              (12 damage)
             ... on level 3 of the Dungeon.
             The game lasted 00:07:09 (2783 turns).

Monsterracer the Cudgeler (Tengu Warper)            Turns: 2783, Time: 00:07:10

Health: -5/30      AC:  7    Str: 11    XL:     5   Next: 47%
Magic:  9/9        EV: 11    Int: 14    God:
Gold:   91         SH:  0    Dex: 14    Spells: 8/8 levels left

rFire    . . .     SeeInvis .   r - +1 mace (holy)
rCold    + . .     Gourm    .   (no shield)
rNeg     . . .     Faith    .   k - +0 ring mail
rPois    .         Spirit   .   (helmet restricted)
rElec    .         Reflect  .   (no cloak)
rCorr    .         Harm     .   (no gloves)
MR       +....                  (boots unavailable)
Stlth    +.........             o - amulet of rage
Regen    0.1/turn               n - ring of protection from magic
MPRegen  0.2/turn               (no ring)

@: no status effects
A: beak, talons 3, icy blue scales 1, cold resistance 1, able to fly 1
a: Fly, Evoke Berserk Rage


You were on level 3 of the Dungeon.
You were not hungry.

You visited 1 branch of the dungeon, and saw 3 of its levels.

You collected 91 gold pieces.

Inventory:

Hand Weapons
 r - a +1 mace of holy wrath (weapon)
Missiles
 e - 5 tomahawks of dispersal (quivered)
 p - 5 javelins
 q - 3 tomahawks
Armour
 k - a +0 ring mail (worn)
Jewellery
 n - a ring of protection from magic (left hand)
 o - an amulet of rage (around neck)
Scrolls
 d - a scroll of blinking
 g - 2 scrolls of recharging {unknown}
 h - 3 scrolls of remove curse {unknown}
 j - a scroll of noise {unknown}
 l - 4 scrolls of identify {unknown}
 m - a scroll of fog {unknown}
Books
 c - a book of Spatial Translocations

   Spells                             Type                      Level
   a - Blink                          Translocation                2
   b - Shroud of Golubria             Charms/Translocation         2
   c - Lesser Beckoning               Translocation                3
   d - Gell's Gravitas                Translocation                3
   e - Teleport Other                 Translocation                3
   f - Passage of Golubria            Translocation                4
Comestibles
 a - a meat ration
 b - 2 royal jellies
 f - 2 bread rations
 i - 8 fruits


   Skills:
 - Level 2.0 Fighting
 + Level 6.0 Maces & Flails
 - Level 1.0 Throwing
 - Level 1.1 Armour
 - Level 2.1 Dodging
 - Level 2.0 Spellcasting
   Level 2.4 Translocations


You had 8 spell levels left.
You didn't know any spells.

Dungeon Overview and Level Annotations

Branches:
Dungeon (3/15)

Altars:
Makhleb


Innate Abilities, Weirdness & Mutations

You have a beak for a mouth.
You have claws for feet.
You can fly.
You are partially covered in icy blue scales. (AC +2)
Your flesh is cold resistant. (rC+)


Message History

The orc priest hits you but does no damage.
You hit the orc priest.
You claw the orc priest, but do no damage.
The orc priest is severely wounded.
The giant cockroach bites you but does no damage.
The orc hits you with a short sword.
* * * LOW HITPOINT WARNING * * *
The giant cockroach bites you but does no damage.
The orc priest hits you but does no damage.
The orc closely misses you.
You hit the orc priest but do no damage.
The orc priest is severely wounded.
The giant cockroach bites you but does no damage.
The orc closely misses you. The orc priest hits you with a flail.
* * * LOW HITPOINT WARNING * * *
The giant cockroach waves its antennae.
The giant cockroach bites you but does no damage.
The orc priest calls down the wrath of Beogh upon you.
Beogh smites you!
You die...

. ....#####....
....###...##..#######
....o.S.........?...#
....##.##o..........#
. #. #.S......>..# ##
##Ko........#
##.........#
#so)......#
#@.........
##..........
#...........
#..###.#######
##...#.# # #.#.# ..
#.#.# . ##.###.#.# ..
>..<.....#


You could see an orc priest, an adder, 2 orcs, a giant cockroach and a kobold.

Vanquished Creatures
  A crimson imp (D:3)
  5 adders (D:2)
  3 worms
  3 dart slugs
  4 leopard geckos
  3 ball pythons
  2 giant cockroaches (D:2)
  2 goblins
  7 hobgoblins
  7 jackals
  10 kobolds
  3 quokkas (D:2)
  7 bats (D:2)
  5 frilled lizards
  5 rats (D:1)
67 creatures vanquished.

Notes
Turn   | Place    | Note
-------+----------+-------------------------------------------
     0 | D:1      | Monsterracer the Tengu Warper began the quest for the Orb.
     0 | D:1      | Reached XP level 1. HP: 12/12 MP: 4/4
   137 | D:1      | Reached skill level 3 in Maces & Flails
   137 | D:1      | Reached XP level 2. HP: 14/17 MP: 6/6
   711 | D:1      | Reached XP level 3. HP: 21/21 MP: 7/7
  1069 | D:1      | Reached skill level 4 in Maces & Flails
  1648 | D:2      | Found a burning altar of Makhleb.
  1660 | D:2      | Gained mutation: Your flesh is cold resistant. (rC+) [potion of mutation]
  1660 | D:2      | Gained mutation: You are partially covered in icy blue scales. (AC +2) [potion of mutation]
  1738 | D:2      | Reached XP level 4. HP: 18/26 MP: 8/8
  1900 | D:2      | Reached skill level 5 in Maces & Flails
  1996 | D:2      | HP: 1/26 [quokka (1)]
  2456 | D:2      | Gained mutation: You can fly. [Tengu growth]
  2456 | D:2      | Reached XP level 5. HP: 30/30 MP: 9/9
  2710 | D:3      | Reached skill level 6 in Maces & Flails
  2783 | D:3      | Killed from afar by an orc priest

Skill      XL: |  1  2  3  4  5 |
---------------+----------------+-----
Maces & Flails | 3 4 5 6 |  6.0
Fighting       | |  2.0
Throwing       | |  1.0
Armour         | |  1.1
Dodging        | |  2.1
Spellcasting   | |  2.0
Translocations | |  2.4

Action                   |  1- 3 |  4- 6 || total
-------------------------+-------+-------++-------
Melee: Mace              |   120 |   118 ||   238
       Kick              |    22 |    21 ||    43
       Peck              |    15 |    12 ||    27
  Use: Potion            |     3 |     1 ||     4
  Eat: Chunk             |     2 |     4 ||     6
Armor: Ring mail         |    52 |    89 ||   141
       Leather armour    |     1 |       ||     1
       Skin              |     7 |       ||     7
Dodge: Dodged            |    74 |   129 ||   203
